3R
GERMANTOWN URUGUAYANS @ ATHLETIC CLUB KC U-21
06/05/2037
 
TOP OF THE 1ST
Germantown Uruguayans batting - Pitching for Athletic Club KC U-21 : LHP Héctor Puga
Pitching: LHP Héctor Puga
Batting: LHB Robert Dawson 0-0: Swinging Strike
0-1: Reached on error, E4 (Groundball, 4M, EV 84.4 MPH)
Batting: RHB Tetahiti Kelala 0-0: Called Strike
0-1: Ball
1-1: Swinging Strike
1-2: Ball
2-2: Ball
3-2: Fielders Choice at 2nd, 1-6 (Groundball, 13S, EV 63.8 MPH)
Batting: RHB Bras Castanheta 0-0: Foul Ball, location: 2F
0-1: Fielders Choice at 2nd, 4-6 (Groundball, 4MS, EV 93.1 MPH)
Batting: RHB Troy Clark 0-0: Called Strike
0-1: Ball
1-1: Fly out, F8 (Flyball, 8LXD, EV 102.5 MPH)
Top of the 1st over - 0 runs, 0 hits, 1 error, 1 left on base; Germantown 0 - Athletic Club KC 0
BOTTOM OF THE 1ST
Athletic Club KC U-21 batting - Pitching for Germantown Uruguayans : RHP Wilson Molina
Pitching: RHP Wilson Molina
Batting: RHB Kane Calvert 0-0: Called Strike
0-1: Ball
1-1: Fly out, F7 (Line Drive, 7, EV 91.9 MPH)
Batting: LHB Rafael Padilla 0-0: Swinging Strike
0-1: Ball
1-1: Called Strike
1-2: Ground out 5-3 (Groundball, 56, EV 82.5 MPH)
Batting: LHB Claudio Ramírez 0-0: Ball
1-0: SINGLE (Groundball, 34D, EV 95.0 MPH)
Batting: RHB Guillermo Alessandrini 0-0: Ball
1-0: Ball
2-0: Called Strike
2-1: Called Strike
2-2: Foul Ball, location: 2F
2-2: Foul Ball, location: 2F
2-2: Strikes out swinging
Bottom of the 1st over - 0 runs, 1 hit, 0 errors, 1 left on base; Germantown 0 - Athletic Club KC 0
TOP OF THE 2ND
Germantown Uruguayans batting - Pitching for Athletic Club KC U-21 : LHP Héctor Puga
Batting: RHB Byron Shadix 0-0: Ball
1-0: Foul Ball, location: 2F
1-1: Ball
2-1: SINGLE (Groundball, 56D, EV 95.6 MPH)
Batting: RHB Cees Spaan 0-0: Foul Ball, location: 2F
0-1: Called Strike
0-2: Ball
1-2: Ball
2-2: Ball
3-2: Reached on error, E5 (Groundball, 56, EV 90.6 MPH)
Byron Shadix to third
Batting: RHB Anthony McGee 0-0: Called Strike
0-1: Swinging Strike
0-2: Ball
1-2: Strikes out swinging
Batting: RHB Gonzalo Gómes 0-0: Called Strike
0-1: Foul Ball, location: 2F
0-2: Foul Ball, location: 2F
0-2: Ball
1-2: Foul Ball, location: 2F
1-2: Foul Ball, location: 2F
1-2: Strikes out swinging
Batting: RHB Jack Plumb 0-0: Fly out, F7 (Flyball, 7LSF, EV 82.5 MPH)
Top of the 2nd over - 0 runs, 1 hit, 1 error, 2 left on base; Germantown 0 - Athletic Club KC 0
BOTTOM OF THE 2ND
Athletic Club KC U-21 batting - Pitching for Germantown Uruguayans : RHP Wilson Molina
Batting: SHB Noel Lancaster 0-0: Ball
1-0: Ball
2-0: Fly out, F8 (Flyball, 8RXD, EV 100.0 MPH)
Batting: LHB Ted Reed 0-0: Ball
1-0: Called Strike
1-1: Ball
2-1: Foul Ball, location: 2F
2-2: Foul Ball, location: 2F
2-2: Ball
3-2: Strikes out swinging
Batting: RHB Florêncio Zubizarreta 0-0: Called Strike
0-1: Fly out, F7 (Line Drive, 7, EV 101.9 MPH)
Bottom of the 2nd over - 0 runs, 0 hits, 0 errors, 0 left on base; Germantown 0 - Athletic Club KC 0
TOP OF THE 3RD
Germantown Uruguayans batting - Pitching for Athletic Club KC U-21 : LHP Héctor Puga
Batting: LHB Robert Dawson 0-0: Ball
1-0: Called Strike
1-1: Ball
2-1: Foul Ball, location: 2F
2-2: Ball
3-2: Foul Ball, location: 2F
3-2: Base on Balls
Batting: RHB Tetahiti Kelala 0-0: Ball
Robert Dawson is caught stealing 2nd base 2-4
1-0: Foul Ball, location: 2F
1-1: Swinging Strike
1-2: Strikes out swinging
Batting: RHB Bras Castanheta 0-0: Called Strike
0-1: Swinging Strike
0-2: Foul Ball, location: 2F
0-2: DOUBLE (Line Drive, 89XD, EV 100.0 MPH)
Batting: RHB Troy Clark 0-0: Ball
1-0: Called Strike
1-1: Foul Ball, location: 2F
1-2: Foul Ball, location: 2F
1-2: Ball
2-2: Ground out 6-3 (Groundball, 6S, EV 87.5 MPH)
Top of the 3rd over - 0 runs, 1 hit, 0 errors, 1 left on base; Germantown 0 - Athletic Club KC 0
BOTTOM OF THE 3RD
Athletic Club KC U-21 batting - Pitching for Germantown Uruguayans : RHP Wilson Molina
Batting: RHB Qadir Abdul-Hafiz 0-0: Fly out, F4 (Popup, 23, EV 82.5 MPH)
Batting: RHB Heui-chung Tu 0-0: Called Strike
0-1: Foul Ball, location: 2F
0-2: Ball
1-2: Ground out 5-3 (Groundball, 56, EV 92.5 MPH)
Batting: RHB Kane Calvert 0-0: Ball
1-0: Called Strike
1-1: Swinging Strike
1-2: Strikes out looking
Bottom of the 3rd over - 0 runs, 0 hits, 0 errors, 0 left on base; Germantown 0 - Athletic Club KC 0
TOP OF THE 4TH
Germantown Uruguayans batting - Pitching for Athletic Club KC U-21 : LHP Héctor Puga
Batting: RHB Byron Shadix 0-0: Ball
1-0: Swinging Strike
1-1: Called Strike
1-2: Strikes out swinging
Batting: RHB Cees Spaan 0-0: Called Strike
0-1: Called Strike
0-2: Ball
1-2: Strikes out swinging
Batting: RHB Anthony McGee 0-0: Ball
1-0: Swinging Strike
1-1: Foul Ball, location: 2F
1-2: Foul Ball, location: 2F
1-2: Ball
2-2: Ball
3-2: Strikes out swinging
Top of the 4th over - 0 runs, 0 hits, 0 errors, 0 left on base; Germantown 0 - Athletic Club KC 0
BOTTOM OF THE 4TH
Athletic Club KC U-21 batting - Pitching for Germantown Uruguayans : RHP Wilson Molina
Batting: LHB Rafael Padilla 0-0: Ground out 4-3 (Groundball, 4, EV 102.5 MPH)
Batting: LHB Claudio Ramírez 0-0: Ball
1-0: Ball
2-0: Ball
3-0: Base on Balls
Batting: RHB Guillermo Alessandrini 0-0: Called Strike
0-1: Ball
1-1: Ball
2-1: Called Strike
2-2: Fly out, F8 (Line Drive, 8RM, EV 99.4 MPH)
Batting: SHB Noel Lancaster 0-0: Ball
1-0: Fly out, F6 (Popup, P, EV 82.5 MPH)
Bottom of the 4th over - 0 runs, 0 hits, 0 errors, 1 left on base; Germantown 0 - Athletic Club KC 0
TOP OF THE 5TH
Germantown Uruguayans batting - Pitching for Athletic Club KC U-21 : LHP Héctor Puga
Batting: RHB Gonzalo Gómes 0-0: Ball
1-0: Called Strike
1-1: Swinging Strike
1-2: Ball
2-2: Foul Ball, location: 2F
2-2: Strikes out looking
Batting: RHB Jack Plumb 0-0: Fly out, F7 (Flyball, 8LS, EV 86.9 MPH)
Batting: LHB Robert Dawson 0-0: Ball
1-0: Bunt missed!
1-1: Swinging Strike
1-2: Ball
2-2: Foul Ball, location: 2F
2-2: Strikes out swinging
Top of the 5th over - 0 runs, 0 hits, 0 errors, 0 left on base; Germantown 0 - Athletic Club KC 0
BOTTOM OF THE 5TH
Athletic Club KC U-21 batting - Pitching for Germantown Uruguayans : RHP Wilson Molina
Batting: LHB Ted Reed 0-0: Reached on error, E6 (Groundball, 6, EV 98.1 MPH)
Batting: RHB Florêncio Zubizarreta 0-0: Called Strike
0-1: Sac Bunt to 23 - play at first, batter OUT! 3-4
Ted Reed to third
Batting: RHB Qadir Abdul-Hafiz 0-0: Ball
1-0: Ball
2-0: Foul Ball, location: 2F
2-1: Foul Ball, location: 2F
2-2: Strikes out swinging
Batting: RHB Heui-chung Tu 0-0: Ball
1-0: Ground out 4-3 (Groundball, 4M, EV 86.9 MPH)
Bottom of the 5th over - 0 runs, 0 hits, 1 error, 1 left on base; Germantown 0 - Athletic Club KC 0
TOP OF THE 6TH
Germantown Uruguayans batting - Pitching for Athletic Club KC U-21 : LHP Héctor Puga
Batting: RHB Tetahiti Kelala 0-0: Foul Ball, location: 2F
0-1: Foul Ball, location: 2F
0-2: Fly out, F7 (Flyball, 78S, EV 88.1 MPH)
Batting: RHB Bras Castanheta 0-0: Fly out, F2 (Popup, 2R, EV 90.0 MPH)
Batting: RHB Troy Clark 0-0: Ball
1-0: Foul Ball, location: 2F
1-1: Swinging Strike
1-2: Ball
2-2: Strikes out swinging
Top of the 6th over - 0 runs, 0 hits, 0 errors, 0 left on base; Germantown 0 - Athletic Club KC 0
BOTTOM OF THE 6TH
Athletic Club KC U-21 batting - Pitching for Germantown Uruguayans : RHP Wilson Molina
Batting: RHB Kane Calvert 0-0: Ball
1-0: Called Strike
1-1: Ball
2-1: Foul Ball, location: 2F
2-2: Ball
3-2: Strikes out swinging
Batting: LHB Rafael Padilla 0-0: Ball
1-0: SINGLE (Line Drive, 78M, EV 91.2 MPH)
Batting: LHB Claudio Ramírez 0-0: Ball
1-0: Called Strike
1-1: Ball
2-1: Ball
3-1: Fly out, F8 (Flyball, 78M, EV 83.1 MPH)
Batting: RHB Guillermo Alessandrini 0-0: Foul Ball, location: 2F
0-1: Ball
Wild Pitch!
Rafael Padilla to second
1-1: Ball
2-1: Fly out, F9 (Flyball, 9LS, EV 77.5 MPH)
Bottom of the 6th over - 0 runs, 1 hit, 0 errors, 1 left on base; Germantown 0 - Athletic Club KC 0
TOP OF THE 7TH
Germantown Uruguayans batting - Pitching for Athletic Club KC U-21 : LHP Héctor Puga
Batting: RHB Byron Shadix 0-0: Ball
1-0: Ball
2-0: Ball
3-0: Called Strike
3-1: Swinging Strike
3-2: Foul Ball, location: 2F
3-2: Strikes out swinging
Batting: RHB Cees Spaan 0-0: Ball
1-0: Called Strike
1-1: Ground out 6-3 (Groundball, 6M, EV 88.1 MPH)
Batting: RHB Anthony McGee 0-0: Foul Ball, location: 2F
0-1: Ball
1-1: Foul Ball, location: 2F
1-2: Ball
2-2: Ball
3-2: Strikes out swinging
Top of the 7th over - 0 runs, 0 hits, 0 errors, 0 left on base; Germantown 0 - Athletic Club KC 0
BOTTOM OF THE 7TH
Athletic Club KC U-21 batting - Pitching for Germantown Uruguayans : RHP Wilson Molina
Batting: SHB Noel Lancaster 0-0: Called Strike
0-1: Ball
1-1: Ground out 4-3 (Groundball, 4, EV 80.6 MPH)
Batting: LHB Ted Reed 0-0: Fly out, F5 (Line Drive, 5, EV 66.9 MPH)
Batting: RHB Florêncio Zubizarreta 0-0: Ball
1-0: Ball
2-0: SINGLE (Groundball, 6MD, EV 96.9 MPH)
Batting: RHB Qadir Abdul-Hafiz 0-0: Called Strike
0-1: Ground out 5-3 (Groundball, 56S, EV 85.6 MPH)
Bottom of the 7th over - 0 runs, 1 hit, 0 errors, 1 left on base; Germantown 0 - Athletic Club KC 0
TOP OF THE 8TH
Germantown Uruguayans batting - Pitching for Athletic Club KC U-21 : LHP Héctor Puga
Pitching: RHP Iván Contreras
Batting: RHB Gonzalo Gómes 0-0: Ball
1-0: Called Strike
1-1: Called Strike
1-2: Foul Ball, location: 2F
1-2: Strikes out swinging, 2-3 out at first.
Batting: RHB Jack Plumb 0-0: Called Strike
0-1: Ball
1-1: Fly out, F8 (Line Drive, 8LD, EV 104.4 MPH)
Batting: LHB Robert Dawson 0-0: Ball
1-0: Ball
2-0: SINGLE (Groundball, 23, EV 70.0 MPH) (infield hit)
Batting: RHB Tetahiti Kelala 0-0: Ball
Robert Dawson steals 2nd base
1-0: Ball
2-0: Ball
3-0: Called Strike
3-1: Foul Ball, location: 2F
3-2: Foul Ball, location: 2F
3-2: Strikes out looking
Top of the 8th over - 0 runs, 1 hit, 0 errors, 1 left on base; Germantown 0 - Athletic Club KC 0
BOTTOM OF THE 8TH
Athletic Club KC U-21 batting - Pitching for Germantown Uruguayans : RHP Wilson Molina
Batting: RHB Heui-chung Tu 0-0: Swinging Strike
0-1: Ball
1-1: Ball
2-1: Ground out 4-3 (Groundball, 4, EV 87.5 MPH)
Batting: RHB Kane Calvert 0-0: Called Strike
0-1: Ball
1-1: Swinging Strike
1-2: Ground out 2-3 (Groundball, 15S, EV 68.1 MPH)
Batting: LHB Rafael Padilla 0-0: Ball
1-0: Foul Ball, location: 2F
1-1: Ball
2-1: Ball
3-1: Called Strike
3-2: Fly out, F8 (Flyball, 8LD, EV 93.8 MPH)
Bottom of the 8th over - 0 runs, 0 hits, 0 errors, 0 left on base; Germantown 0 - Athletic Club KC 0
TOP OF THE 9TH
Germantown Uruguayans batting - Pitching for Athletic Club KC U-21 : RHP Iván Contreras
Batting: RHB Bras Castanheta 0-0: Ball
1-0: Called Strike
1-1: Called Strike
1-2: Ball
2-2: Strikes out looking
Batting: RHB Troy Clark 0-0: Called Strike
0-1: Called Strike
0-2: Hit by Pitch
Batting: RHB Byron Shadix 0-0: Called Strike
0-1: Ball
1-1: Called Strike
1-2: Strikes out swinging
Batting: RHB Cees Spaan 0-0: Foul Ball, location: 2F
0-1: Fly out, F8 (Line Drive, 8RD, EV 99.4 MPH)
Top of the 9th over - 0 runs, 0 hits, 0 errors, 1 left on base; Germantown 0 - Athletic Club KC 0
BOTTOM OF THE 9TH
Athletic Club KC U-21 batting - Pitching for Germantown Uruguayans : RHP Wilson Molina
Batting: LHB Claudio Ramírez 0-0: Called Strike
0-1: Fly out, F7 (Flyball, 78M, EV 86.2 MPH)
Pinch Hitting: LHB Les Hannaford 0-0: Called Strike
0-1: Called Strike
0-2: Ball
1-2: Strikes out swinging
Pinch Hitting: SHB Román Rosales 0-0: Foul Ball, location: 2F
0-1: Fly out, F5 (Popup, 5, EV 55.6 MPH)
Bottom of the 9th over - 0 runs, 0 hits, 0 errors, 0 left on base; Germantown 0 - Athletic Club KC 0
TOP OF THE 10TH
Germantown Uruguayans batting - Pitching for Athletic Club KC U-21 : RHP Iván Contreras
Now at 3B: Luis Viera
Now at SS: Mikk Tamm
Batting: RHB Anthony McGee 0-0: Foul Ball, location: 2F
0-1: Ground out 6-3 (Groundball, 6M, EV 87.5 MPH)
Pinch Hitting: LHB Walt Davis 0-0: Ball
1-0: Swinging Strike
1-1: Called Strike
1-2: Foul Ball, location: 2F
1-2: Ball
2-2: Strikes out swinging
Pinch Hitting: SHB Jerry Reece 0-0: Foul Ball, location: 2F
0-1: Ground out 5-3 (Groundball, 5, EV 83.8 MPH)
Top of the 10th over - 0 runs, 0 hits, 0 errors, 0 left on base; Germantown 0 - Athletic Club KC 0
BOTTOM OF THE 10TH
Athletic Club KC U-21 batting - Pitching for Germantown Uruguayans : RHP Wilson Molina
Pitching: RHP Manuel Villanueva
Now at C: Jerry Reece
Now at 1B: Walt Davis
Batting: LHB Ted Reed 0-0: Fly out, F8 (Flyball, 89D, EV 110.6 MPH)
Batting: RHB Florêncio Zubizarreta 0-0: Ground out 6-3 (Groundball, 6, EV 81.2 MPH)
Pinch Hitting: RHB Dawson Randolph 0-0: Ground out 5-3 (Groundball, 56, EV 85.6 MPH)
Bottom of the 10th over - 0 runs, 0 hits, 0 errors, 0 left on base; Germantown 0 - Athletic Club KC 0
TOP OF THE 11TH
Germantown Uruguayans batting - Pitching for Athletic Club KC U-21 : RHP Iván Contreras
Now at 1B: Milos Milic
Batting: LHB Robert Dawson 0-0: Foul Ball, location: 2F
0-1: Called Strike
0-2: Ball
1-2: Foul Ball, location: 2F
1-2: Ball
2-2: Ball
3-2: Strikes out swinging
Batting: RHB Tetahiti Kelala 0-0: Called Strike
0-1: Ball
1-1: Fly out, F8 (Flyball, 8LM, EV 89.4 MPH)
Batting: RHB Bras Castanheta 0-0: Foul Ball, location: 2F
0-1: Called Strike
0-2: Ball
1-2: Strikes out looking
Top of the 11th over - 0 runs, 0 hits, 0 errors, 0 left on base; Germantown 0 - Athletic Club KC 0
BOTTOM OF THE 11TH
Athletic Club KC U-21 batting - Pitching for Germantown Uruguayans : RHP Manuel Villanueva
Batting: RHB Heui-chung Tu 0-0: Ball
1-0: Fly out, F8 (Flyball, 8LXD, EV 86.9 MPH)
Batting: RHB Kane Calvert 0-0: Ball
1-0: Called Strike
1-1: Reached on error, E5 (Groundball, 56, EV 82.5 MPH)
Batting: LHB Rafael Padilla 0-0: Called Strike
0-1: Reached on error, E7 (Flyball, 7S, EV 87.5 MPH)
Kane Calvert to third
Batting: LHB Claudio Ramírez 0-0: Foul Ball, location: 2F
0-1: Ball
Rafael Padilla steals 2nd base (no throw)
1-1: Intentional Walk
Batting: RHB Luis Viera 0-0: Foul Ball, location: 2F
0-1: Ball
1-1: Fly out, F7 (Flyball, 7D, EV 110.6 MPH)
Runner from 3rd tags up, SCORES, no throw by LF
Thursday, January 23rd, 2020 - OOTP Baseball 20.8 Build 74